 Dungeon Crawl Stone Soup version 0.30-a0-989-g0d87f670db (webtiles) character file.

Game seed: 4991414937225430876

2 DeathPants the Cudgeller (level 1, 0/11 HPs)
             Began as a Vine Stalker Monk on Apr 3, 2023.
             Slain by a goblin
             ... wielding a +0 dagger
              (2 damage)
             ... on level 1 of the Dungeon.
             The game lasted 00:00:37 (33 turns).

DeathPants the Cudgeller (Vine Stalker Monk)          Turns: 33, Time: 00:00:38

Health: 0/11       AC:  2    Str: 13    XL:     1   Next: 40%
Magic:  0/2        EV: 12    Int: 10    God:
Gold:   10         SH:  0    Dex: 16    Spells: 0/0 levels left

rFire   . . .      SeeInvis .    a - +0 mace
rCold   . . .      Faith    .    (no shield)
rNeg    . . .      Spirit   +    b - +0 robe
rPois   .          Reflect  .    (no helmet)
rElec   .          Rampage  .    (no cloak)
rCorr   .                        (no gloves)
Will    .....                    (no boots)
Stlth   ++                       (no amulet)
HPRegen 0.21/turn                (no ring)
MPRegen 0.08/turn                (no ring)

@: no status effects
A: fangs 2, magic shield, antimagic bite, no potion heal 2
a: no special abilities


You were on level 1 of the Dungeon.
You visited 1 branch of the dungeon, and saw 1 of its levels.

You collected 10 gold pieces.

Inventory:

Hand Weapons
 a - a +0 mace (weapon)
Armour
 b - a +0 robe (worn)
Potions
 c - a potion of ambrosia
 d - a potion of heal wounds {unknown}


   Skills:
 + Level 2.7 Fighting
 * Level 2.7 Maces & Flails
 + Level 0.1 Armour
 - Level 2.4 Dodging
 - Level 2.4 Stealth
 + Level 0.1 Spellcasting


You couldn't memorise any spells.
You didn't know any spells.
Your spell library was empty.

Dungeon Overview and Level Annotations

Branches:
Dungeon (1/15)

Altars:


Innate Abilities, Weirdness & Mutations

You have extremely sharp teeth.
When hurt, damage is shared between your health and your magic reserves.
Your bite disrupts and absorbs the magic of your enemies.
Potions cannot restore your health.


Message History

You closely miss the goblin.
The goblin is heavily wounded.
The goblin closely misses you.
You miss the goblin. Your bite misses the goblin.
The goblin is heavily wounded.
The kobold shouts!
The frilled lizard bites you. The goblin barely misses you.
You hit the goblin. Your bite misses the goblin.
The goblin is severely wounded.
The frilled lizard misses you. The goblin hits you with a +0 dagger.
The frilled lizard bites you. The goblin barely misses you.
You hit the goblin.
You kill the goblin!
The frilled lizard bites you. The goblin hits you with a +0 dagger.
The frilled lizard closely misses you.
Things that are here:
a +0 dagger; a goblin corpse You sock the frilled lizard!
You kill the frilled lizard!
The goblin hits you but does no damage. The goblin hits you with a +0 dagger.
You see here a frilled lizard corpse.
You closely miss the goblin. The kobold barely misses you.
The goblin hits you with a +0 dagger.
* * * LOW HITPOINT WARNING * * *
You barely miss the goblin. Your bite misses the goblin.
The goblin hits you but does no damage. The kobold hits you but does no damage.
The kobold misses you. The goblin misses you.
You closely miss the goblin. Your bite misses the goblin.
The kobold hits you with a +0 short sword.
* * * LOW HITPOINT WARNING * * *
The goblin hits you with a +0 dagger.
* * * LOW HITPOINT WARNING * * *
You hit the goblin.
The goblin is moderately wounded.
The kobold hits you but does no damage. The goblin completely misses you.
You barely miss the kobold. You punch the kobold. You bite the kobold.
You kill the kobold!
The goblin hits you with a +0 dagger.
You die...

#.....# #..<..#
#.....# #.....#
.# ###'###
...## #.#.#
#....###.#..###
#....###...#
#.@g#.##......
##)..## ######
##..# #†.#
#..## #.## ..
... ...#


You could see a goblin.

Vanquished Creatures
  A goblin (D:1)
  A bat (D:1)
  A frilled lizard (D:1)
  A kobold (D:1)
4 creatures vanquished.

Notes
Turn   | Place    | Note
-------+----------+-------------------------------------------
     0 | D:1      | DeathPants the Vine Stalker Monk began the quest for the
                  | Orb.
     0 | D:1      | Reached XP level 1. HP: 11/11 MP: 2/2
    33 | D:1      | Slain by a goblin

Illustrated notes

Levels and vault maps discovered:
D:1:      minmay_arrival_checkered_box, layout_loops_ring, minmay_heptomino_w4

Action                     || total
---------------------------++-------
  Melee: Mace              ||    14
         Bite              ||     2
         Punch             ||     1
 Armour: Robe              ||     7
  Dodge: Dodged            ||    12

Table legend: (Time is in decaauts)
 A = Elapsed time spent in this place.
 B = Non-inter-level travel time spent in this place.
 C = Inter-level travel time spent in this place.
 D = Time resting spent in this place.
 E = Time spent auto-exploring this place.
 F = Levels seen in this place.
 G = Mean time per level.
                   A        B        C        D        E       F      G
               +--------+--------+--------+--------+--------+-----+--------+
         Total |     36 |     36 |      0 |      0 |     10 |   1 |   36.0 |
       Dungeon |     36 |     36 |      0 |      0 |     10 |   1 |   36.0 |
               +--------+--------+--------+--------+--------+-----+--------+

Top non-repeatable levels by time:
     D:1: 36 daAuts
